[Event "35th European Club Cup 2019"]
[Site "Ulcinj"]
[Date "2019.11.10"]
[Round "1.4"]
[White "Lavendelis, Egons"]
[Black "Smith, Axel"]
[Result "1/2-1/2"]
[ECO "A06"]
[WhiteElo "2289"]
[BlackElo "2465"]
[Annotator "ChessBase"]
[PlyCount "70"]
[EventDate "2019.11.10"]
[EventType "team-tourn"]
[EventCountry "MNE"]
[SourceTitle "playchess.com"]
[Source "ChessBase"]
[SourceQuality "1"]
[WhiteTeam "Wasa SK"]
[BlackTeam "Koge SK"]
[TimeControl "40/5400+30:1800+30"]

1. Nf3 d5 2. g3 g6 3. Bg2 Bg7 4. d4 Nf6 5. O-O c6 6. Nbd2 O-O 7. b3 a5 8. a4 Ne4 9. Bb2 Bf5 10. Nh4 Nxd2 11. Qxd2 Be6 12. f4 f5 13. Nf3 Nd7 14. Ng5 Bf7 15. c4 e6 16. e3 h6 17. Nf3 Qb6 18. c5 Qc7 19. Ba3 Rfb8 20. Rfc1 b6 21. cxb6 Rxb6 22. b4 axb4 23. Bxb4 Rba6 24. Bf1 Rxa4 25. Rxa4 Rxa4 26. Bb5 Ra8 27. Bxc6 Rc8 28. Ba3 Qa7 29. Bxd7 Rxc1+ 30. Qxc1 Qxd7 31. Ne5 Bxe5 32. fxe5 g5 33. Qc5 Kh7 34. Qe7 Qxe7 35. Bxe7 Kg6 1/2-1/2

[Event "35th European Club Cup 2019"]
[Site "Ulcinj"]
[Date "2019.11.10"]
[Round "1.6"]
[White "Nedev, Trajko"]
[Black "Bikady, Claude"]
[Result "1-0"]
[ECO "C05"]
[WhiteElo "2500"]
[BlackElo "1912"]
[Annotator "ChessBase"]
[PlyCount "51"]
[EventDate "2019.11.10"]
[EventType "team-tourn"]
[EventCountry "MNE"]
[SourceTitle "playchess.com"]
[Source "ChessBase"]
[SourceQuality "1"]
[WhiteTeam "Alkaloid"]
[BlackTeam "Echiquier Mosan"]
[TimeControl "40/5400+30:1800+30"]

1. e4 e6 2. d4 d5 3. Nd2 Nf6 4. e5 Nfd7 5. Bd3 c5 6. c3 Nc6 7. Ngf3 g6 8. h4 Qb6 9. h5 g5 10. Nxg5 cxd4 11. cxd4 Qxd4 12. Ndf3 Qb4+ 13. Bd2 Qxb2 14. Rb1 Qa3 15. Rb3 Qxa2 16. Bb1 Qa6 17. Nxh7 Be7 18. Bg5 Bxg5 19. Nhxg5 Ke7 20. Re3 Qa5+ 21. Kf1 b5 22. Qc2 Qb6 23. Nxf7 Rf8 24. N7g5 Ndxe5 25. Nxe5 Qxe3 26. Qh7+ 1-0

[Event "35th European Club Cup 2019"]
[Site "Ulcinj"]
[Date "2019.11.10"]
[Round "1.6"]
[White "Murzin, Volodar"]
[Black "Petersson, Kjell"]
[Result "1-0"]
[ECO "B51"]
[WhiteElo "2429"]
[BlackElo "1958"]
[Annotator "NA"]
[PlyCount "93"]
[EventDate "2019.11.10"]
[EventType "team-tourn"]
[EventCountry "MNE"]
[SourceTitle "playchess.com"]
[Source "ChessBase"]
[SourceQuality "1"]
[WhiteTeam "Moscow Chess Team"]
[BlackTeam "Lunds ASK"]
[TimeControl "40/5400+30:1800+30"]

1. e4 c5 2. Nf3 d6 3. Bb5+ Nc6 4. O-O Bd7 5. Re1 a6 6. Bf1 Bg4 7. c3 Nf6 8. h3 Bxf3 9. Qxf3 g6 10. d3 Bg7 11. Be3 Nd7 12. Nd2 O-O 13. Qd1 b5 14. Nf3 Nde5 15. Nh2 Rc8 16. Rc1 Na5 17. f4 Nec6 18. Nf3 Qd7 19. Qd2 Rfe8 20. b4 Nb7 21. d4 cxd4 22. cxd4 d5 23. e5 e6 24. g4 Bf8 25. Rb1 Rc7 26. Bd3 Ne7 27. Nh4 Rc6 28. f5 exf5 29. gxf5 Nxf5 30. Nxf5 gxf5 31. Kh2 Qe6 32. Rg1+ Kh8 33. Rbf1 Nd6 34. Bg5 Bg7 35. exd6 Bxd4 36. Rg2 Qxd6+ 37. Bf4 Be5 38. Bxe5+ Rxe5 39. Qf4 Rc3 40. Qg3 Re6 41. Qxd6 Rxd6 42. Bxf5 Re3 43. Rfg1 Re8 44. Rg7 Rh6 45. Rxf7 d4 46. Bd3 Rd8 47. Rgg7 1-0

[Event "35th European Club Cup 2019"]
[Site "Ulcinj"]
[Date "2019.11.10"]
[Round "1.6"]
[White "Wenzel, Birger"]
[Black "Antonsen, Mikkel"]
[Result "0-1"]
[ECO "D71"]
[WhiteElo "2058"]
[BlackElo "2390"]
[Annotator "NA"]
[PlyCount "80"]
[EventDate "2019.11.10"]
[EventType "team-tourn"]
[EventCountry "MNE"]
[SourceTitle "playchess.com"]
[Source "ChessBase"]
[SourceQuality "1"]
[WhiteTeam "Wasa SK"]
[BlackTeam "Koge SK"]
[TimeControl "40/5400+30:1800+30"]

1. c4 g6 2. d4 Nf6 3. g3 c6 4. Bg2 d5 5. Qa4 dxc4 6. Qxc4 Bg7 7. Nf3 O-O 8. O-O Bf5 9. Nc3 Nbd7 10. h3 Rc8 11. Qb3 Qb6 12. Re1 Be6 13. Qd1 Rfd8 14. e4 Bc4 15. b3 Ba6 16. e5 Nd5 17. Na4 Qc7 18. Ng5 b5 19. Nb2 e6 20. Ne4 c5 21. Bg5 cxd4 22. Bxd8 Rxd8 23. f4 Qb6 24. Nd3 Ne3 25. Qd2 Nxg2 26. Kxg2 Bb7 27. Kh2 a5 28. Rac1 Bf8 29. g4 Bd5 30. f5 exf5 31. gxf5 Re8 32. Qf4 a4 33. e6 fxe6 34. f6 e5 35. Qf3 Bh6 36. Rf1 Rf8 37. Qg4 Be6 38. Qh4 Bxc1 39. Rxc1 Bf5 40. Ndf2 Nxf6 0-1

[Event "35th European Club Cup 2019"]
[Site "Ulcinj"]
[Date "2019.11.10"]
[Round "1.8"]
[White "Van der Lende, Ilias"]
[Black "Bosiocic, Marin"]
[Result "0-1"]
[ECO "E53"]
[WhiteElo "2408"]
[BlackElo "2598"]
[Annotator "ChessBase"]
[PlyCount "52"]
[EventDate "2019.11.10"]
[EventType "team-tourn"]
[EventCountry "MNE"]
[SourceTitle "playchess.com"]
[Source "ChessBase"]
[SourceQuality "1"]
[WhiteTeam "Kennemer Combinatie"]
[BlackTeam "Valerenga"]
[TimeControl "40/5400+30:1800+30"]

1. d4 Nf6 2. c4 e6 3. Nc3 Bb4 4. e3 O-O 5. Bd3 d5 6. Nf3 c5 7. O-O b6 8. Ne5 dxc4 9. Bxc4 Bb7 10. Qe2 Nbd7 11. Rd1 Bxc3 12. Nxd7 Qxd7 13. bxc3 Rac8 14. Bb5 Qc7 15. a4 c4 16. a5 Be4 17. f3 Bd3 18. Qf2 Nd5 19. Bd2 f5 20. Be1 bxa5 21. Rxd3 cxd3 22. c4 Nb4 23. Bc3 a6 24. Bxb4 axb4 25. Rxa6 Ra8 26. c5 Qb7 0-1

[Event "35th European Club Cup 2019"]
[Site "Ulcinj"]
[Date "2019.11.10"]
[Round "1.10"]
[White "Mesman, Edwyn"]
[Black "Romanov, Evgeny"]
[Result "0-1"]
[ECO "A50"]
[WhiteElo "2156"]
[BlackElo "2597"]
[Annotator "ChessBase"]
[PlyCount "56"]
[EventDate "2019.11.10"]
[EventType "team-tourn"]
[EventCountry "MNE"]
[SourceTitle "playchess.com"]
[Source "ChessBase"]
[SourceQuality "1"]
[WhiteTeam "Kennemer Combinatie"]
[BlackTeam "Valerenga"]
[TimeControl "40/5400+30:1800+30"]

1. d4 Nf6 2. c4 b6 3. Nc3 Bb7 4. a3 d5 5. Bg5 dxc4 6. e3 Nbd7 7. Nf3 h6 8. Bxf6 Nxf6 9. Bxc4 e6 10. O-O a6 11. Qe2 Be7 12. Rfd1 Nd5 13. e4 Nxc3 14. bxc3 O-O 15. a4 Qe8 16. Bd3 a5 17. Ne5 f6 18. Nf3 e5 19. Nh4 Kh7 20. Qg4 Rd8 21. f4 Bc8 22. f5 exd4 23. cxd4 Rxd4 24. Bb5 Rxe4 25. Qg3 Qh5 26. Ng6 Rf7 27. Bd3 Bc5+ 28. Kh1 Bd6 0-1

[Event "35th European Club Cup 2019"]
[Site "Ulcinj"]
[Date "2019.11.10"]
[Round "1.12"]
[White "Duijn, Rob"]
[Black "Stenersen, Gudmund"]
[Result "1/2-1/2"]
[ECO "D13"]
[WhiteElo "2220"]
[BlackElo "2188"]
[Annotator "NA"]
[PlyCount "78"]
[EventDate "2019.11.10"]
[EventType "team-tourn"]
[EventCountry "MNE"]
[SourceTitle "playchess.com"]
[Source "ChessBase"]
[SourceQuality "1"]
[WhiteTeam "Kennemer Combinatie"]
[BlackTeam "Valerenga"]
[TimeControl "40/5400+30:1800+30"]

1. d4 d5 2. c4 e6 3. Nc3 Nf6 4. Bg5 c6 5. e3 a6 6. cxd5 cxd5 7. Bd3 Nc6 8. Nf3 Be7 9. O-O O-O 10. Rc1 Bd7 11. Bb1 Rc8 12. Qc2 g6 13. Bh6 Re8 14. Qd1 b5 15. Ne5 b4 16. Ne2 Nxe5 17. dxe5 Nh5 18. Nd4 Qb6 19. Qf3 Rxc1 20. Rxc1 Rc8 21. Rxc8+ Bxc8 22. g4 Ng7 23. Bd3 Qc7 24. Qe2 a5 25. f4 Bd7 26. Kg2 f6 27. Bb5 fxe5 28. fxe5 Bxb5 29. Qxb5 Qxe5 30. Bxg7 Kxg7 31. Qd7 Kf6 32. Kf3 Bc5 33. g5+ Qxg5 34. Qd8+ Be7 35. Qh8+ Kf7 36. Qxh7+ Kf6 37. Qh8+ Kf7 38. Qh7+ Kf6 39. Qh8+ Kf7 1/2-1/2

[Event "35th European Club Cup 2019"]
[Site "Ulcinj"]
[Date "2019.11.10"]
[Round "1.13"]
[White "Cirovic, Miroljub"]
[Black "Efimenko, Zahar"]
[Result "0-1"]
[ECO "B07"]
[WhiteElo "2241"]
[BlackElo "2601"]
[Annotator "ChessBase"]
[PlyCount "82"]
[EventDate "2019.11.10"]
[EventType "team-tourn"]
[EventCountry "MNE"]
[SourceTitle "playchess.com"]
[Source "ChessBase"]
[SourceQuality "1"]
[WhiteTeam "Rudar"]
[BlackTeam "Beer Sheva"]
[TimeControl "40/5400+30:1800+30"]

1. d4 d6 2. e4 g6 3. Nc3 Nf6 4. h3 Bg7 5. Be3 c6 6. g3 O-O 7. Bg2 e5 8. Nge2 b5 9. a3 Nbd7 10. O-O Bb7 11. Qd2 a6 12. Rad1 Qc7 13. dxe5 dxe5 14. Bh6 a5 15. Bxg7 Kxg7 16. g4 Rad8 17. Ng3 h6 18. g5 hxg5 19. Qxg5 Nh7 20. Qc1 b4 21. axb4 axb4 22. Nce2 Ba6 23. Rd2 Nc5 24. Rfd1 Ne6 25. c3 Bxe2 26. Nxe2 Rxd2 27. Qxd2 Rd8 28. Qc1 Rxd1+ 29. Qxd1 bxc3 30. bxc3 Nf6 31. h4 Nh5 32. Bh3 Nef4 33. Bg4 Nxe2+ 34. Bxe2 Nf4 35. h5 Qa5 36. hxg6 fxg6 37. c4 Qc7 38. Bg4 c5 39. Qa4 Qb7 40. Qb5 Qxe4 41. Qxc5 Qg2# 0-1

[Event "35th European Club Cup 2019"]
[Site "Ulcinj"]
[Date "2019.11.10"]
[Round "1.17"]
[White "Vuckovic, Marko"]
[Black "Babula, Vlastimil"]
[Result "0-1"]
[ECO "B43"]
[WhiteElo "2054"]
[BlackElo "2572"]
[Annotator "ChessBase"]
[PlyCount "58"]
[EventDate "2019.11.10"]
[EventType "team-tourn"]
[EventCountry "MNE"]
[SourceTitle "playchess.com"]
[Source "ChessBase"]
[SourceQuality "1"]
[WhiteTeam "Buducnost"]
[BlackTeam "Novy Bor"]
[TimeControl "40/5400+30:1800+30"]

1. e4 c5 2. Nf3 e6 3. d4 cxd4 4. Nxd4 a6 5. Nc3 Qc7 6. g3 Nc6 7. Bg2 Nge7 8. O-O Nxd4 9. Qxd4 Nc6 10. Qd2 Be7 11. b3 O-O 12. Bb2 d6 13. Nd1 b5 14. Ne3 Bb7 15. f4 Rfd8 16. Kh1 Rac8 17. Rac1 Qb8 18. Qe2 Qa7 19. Rfe1 Bf8 20. c4 bxc4 21. Nxc4 a5 22. Red1 a4 23. Qg4 Nb4 24. a3 Na2 25. Ra1 axb3 26. Nxd6 Rxd6 27. Rxd6 Qf2 28. Be5 Rc2 29. Rg1 Bxe4 0-1

[Event "35th European Club Cup 2019"]
[Site "Ulcinj"]
[Date "2019.11.10"]
[Round "1.18"]
[White "Kriebel, Tadeas"]
[Black "Sukovic, Darko"]
[Result "1-0"]
[ECO "D30"]
[WhiteElo "2516"]
[BlackElo "1991"]
[Annotator "ChessBase"]
[PlyCount "61"]
[EventDate "2019.11.10"]
[EventType "team-tourn"]
[EventCountry "MNE"]
[SourceTitle "playchess.com"]
[Source "ChessBase"]
[SourceQuality "1"]
[WhiteTeam "Novy Bor"]
[BlackTeam "Buducnost"]
[TimeControl "40/5400+30:1800+30"]

1. Nf3 Nf6 2. c4 e6 3. g3 Be7 4. Bg2 O-O 5. O-O d5 6. d4 c5 7. cxd5 exd5 8. dxc5 Bxc5 9. a3 a5 10. Nc3 h6 11. Bf4 Nc6 12. Rc1 Be6 13. Ne5 Ba7 14. Nb5 Bb8 15. Nxc6 bxc6 16. Bxb8 Qxb8 17. Nd4 Qxb2 18. Qd3 c5 19. Rxc5 Rfc8 20. Nc6 Rc7 21. Rb1 Qa2 22. Rbc1 Kh8 23. R5c2 Rxc6 24. Rxc6 Rb8 25. R6c2 Rb1 26. Rc8+ Bxc8 27. Qxb1 Qxb1 28. Rxb1 Ba6 29. e3 Bc4 30. Rb8+ Kh7 31. Ra8 1-0

[Event "35th European Club Cup 2019"]
[Site "Ulcinj"]
[Date "2019.11.10"]
[Round "1.18"]
[White "Greenfeld, Alon"]
[Black "Krstonijevic, Stjepan"]
[Result "1-0"]
[ECO "D49"]
[WhiteElo "2513"]
[BlackElo "2106"]
[Annotator "ChessBase"]
[PlyCount "79"]
[EventDate "2019.11.10"]
[EventType "team-tourn"]
[EventCountry "MNE"]
[SourceTitle "playchess.com"]
[Source "ChessBase"]
[SourceQuality "1"]
[WhiteTeam "Beer Sheva"]
[BlackTeam "Rudar"]
[TimeControl "40/5400+30:1800+30"]

1. d4 Nf6 2. Nf3 e6 3. c4 d5 4. Nc3 c6 5. e3 Nbd7 6. Bd3 dxc4 7. Bxc4 b5 8. Bd3 a6 9. e4 c5 10. e5 cxd4 11. Nxb5 Nxe5 12. Nxe5 axb5 13. Bxb5+ Bd7 14. Nxd7 Qa5+ 15. Bd2 Qxb5 16. Nxf6+ gxf6 17. a4 Qd3 18. Qe2 Qxe2+ 19. Kxe2 Kd7 20. b4 Bd6 21. Rhb1 e5 22. b5 e4 23. a5 Rhb8 24. Ra4 Be5 25. f4 exf3+ 26. gxf3 f5 27. Kd3 Ke6 28. b6 Kd5 29. Rb5+ Ke6 30. a6 Bxh2 31. b7 Ra7 32. Bb4 Rd8 33. Bc5 Bb8 34. Bxa7 Bxa7 35. Rc4 Rd6 36. Rc8 Rxa6 37. Ra8 Ra3+ 38. Kc4 d3 39. Rxa7 d2 40. Rb6+ {[%emt 0:00:00] Kd5+} 1-0

[Event "35th European Club Cup 2019"]
[Site "Ulcinj"]
[Date "2019.11.10"]
[Round "1.24"]
[White "Rendboe, John Filip"]
[Black "Brunello, Sabino"]
[Result "1/2-1/2"]
[ECO "E55"]
[WhiteElo "2119"]
[BlackElo "2549"]
[Annotator "ChessBase"]
[PlyCount "78"]
[EventDate "2019.11.10"]
[EventType "team-tourn"]
[EventCountry "MNE"]
[SourceTitle "playchess.com"]
[Source "ChessBase"]
[SourceQuality "1"]
[WhiteTeam "Aarhus Skolerne"]
[BlackTeam "Padova"]
[TimeControl "40/5400+30:1800+30"]

1. d4 Nf6 2. c4 e6 3. Nc3 Bb4 4. e3 O-O 5. Bd3 d5 6. Nf3 c5 7. O-O dxc4 8. Bxc4 Nbd7 9. a3 Ba5 10. Qd3 cxd4 11. exd4 a6 12. b4 Bc7 13. Bg5 b5 14. Bb3 Bb7 15. Rad1 Qb8 16. d5 Nxd5 17. Nxd5 Bxd5 18. Bxd5 exd5 19. Qxd5 Nb6 20. Qd4 f6 21. Bh4 Qb7 22. Qg4 Qc8 23. Qh5 Qe8 24. Qc5 Qf7 25. Rfe1 Rfd8 26. Bg3 Rac8 27. Bxc7 Rxd1 28. Rxd1 Qxc7 29. Qf5 Re8 30. h4 Qc6 31. h5 Qe6 32. Qc5 Nc4 33. Re1 Qd7 34. Rxe8+ Qxe8 35. a4 Qd7 36. axb5 axb5 37. Nd4 Ne5 38. Qxb5 Qxb5 39. Nxb5 Nd3 1/2-1/2

[Event "35th European Club Cup 2019"]
[Site "Ulcinj"]
[Date "2019.11.10"]
[Round "1.29"]
[White "Boel, Marcel"]
[Black "Rozum, Ivan"]
[Result "1/2-1/2"]
[ECO "B08"]
[WhiteElo "2218"]
[BlackElo "2593"]
[Annotator "ChessBase"]
[PlyCount "79"]
[EventDate "2019.11.10"]
[EventType "team-tourn"]
[EventCountry "MNE"]
[SourceTitle "playchess.com"]
[Source "ChessBase"]
[SourceQuality "1"]
[WhiteTeam "Apeldoorn"]
[BlackTeam "Law & Order"]
[TimeControl "40/5400+30:1800+30"]

1. e4 d6 2. d4 Nf6 3. Nc3 g6 4. Nf3 Bg7 5. Be3 O-O 6. h3 c6 7. a4 Nbd7 8. a5 Qc7 9. Be2 Rb8 10. O-O b5 11. axb6 axb6 12. Bd3 e5 13. dxe5 dxe5 14. Qb1 Rd8 15. b4 Nf8 16. Bc4 Ne6 17. Ng5 Nxg5 18. Bxg5 b5 19. Be2 h6 20. Be3 Nd7 21. Rd1 Nf8 22. Ra7 Bb7 23. Qa2 Ne6 24. Rxd8+ Qxd8 25. Nb1 Bf8 26. c3 Nf4 27. Bf3 Ra8 28. Nd2 Rxa7 29. Qxa7 Bc8 30. Nb3 Qd3 31. Qb8 Qxc3 32. Qxc8 Qxb3 33. Qxc6 Qxb4 34. Qe8 Qb2 35. Bxf4 exf4 36. e5 Qb3 37. Bg4 Qb4 38. e6 Qe7 39. exf7+ Kg7 40. Qxe7 1/2-1/2

[Event "35th European Club Cup 2019"]
[Site "Ulcinj"]
[Date "2019.11.10"]
[Round "1.30"]
[White "Sychev, Klementy"]
[Black "Van der Elburg, Freddie"]
[Result "1-0"]
[ECO "A04"]
[WhiteElo "2578"]
[BlackElo "2190"]
[Annotator "ChessBase"]
[PlyCount "49"]
[EventDate "2019.11.10"]
[EventType "team-tourn"]
[EventCountry "MNE"]
[SourceTitle "playchess.com"]
[Source "ChessBase"]
[SourceQuality "1"]
[WhiteTeam "Law & Order"]
[BlackTeam "Apeldoorn"]
[TimeControl "40/5400+30:1800+30"]

1. Nf3 d6 2. d4 f5 3. Nc3 Nf6 4. Bg5 Nbd7 5. Qd3 g6 6. e4 fxe4 7. Nxe4 Bg7 8. O-O-O O-O 9. h4 Nxe4 10. Qxe4 Nf6 11. Bc4+ Kh8 12. Bxf6 exf6 13. Rde1 c6 14. Qf4 d5 15. Bd3 Qd7 16. Kb1 Qg4 17. Qc7 Qd7 18. Qxd7 Bxd7 19. h5 gxh5 20. Rxh5 Bg4 21. Rxh7+ Kg8 22. Bg6 Bxf3 23. Re7 Bh8 24. Rh3 Be4 25. Bh7+ 1-0

[Event "35th European Club Cup 2019"]
[Site "Ulcinj"]
[Date "2019.11.11"]
[Round "2.32"]
[White "Cardon, Helmut"]
[Black "Alekseev, Evgeny"]
[Result "0-1"]
[ECO "D35"]
[WhiteElo "2398"]
[BlackElo "2623"]
[Annotator "RC"]
[PlyCount "88"]
[EventDate "2019.11.10"]
[EventType "team-tourn"]
[EventCountry "MNE"]
[SourceTitle "playchess.com"]
[Source "ChessBase"]
[SourceQuality "1"]
[WhiteTeam "HWP Sas van Gent"]
[BlackTeam "Law & Order"]
[TimeControl "40/5400+30:1800+30"]

1. d4 Nf6 2. c4 e6 3. Nc3 d5 4. cxd5 exd5 5. Bg5 c6 6. e3 Bd6 7. Bd3 Nbd7 8. Nge2 Nf8 9. Bf4 Ng6 10. Bg3 O-O 11. Qc2 Re8 12. O-O Qe7 13. Rab1 Bd7 14. Bxd6 Qxd6 15. Ng3 Ng4 16. Bf5 Rad8 17. Nce2 Bxf5 18. Qxf5 Nf6 19. b4 Ne7 20. Qf4 Qd7 21. Nc3 b5 22. a4 a6 23. Rb3 Ng6 24. Qf5 Qd6 25. Ra1 Ne7 26. Qb1 h5 27. axb5 axb5 28. Ra6 h4 29. Nf5 Nxf5 30. Qxf5 g6 31. Qg5 Ra8 32. Rxa8 Rxa8 33. f3 Ra1+ 34. Nb1 h3 35. gxh3 Qe6 36. Qg2 Qf5 37. Qb2 Ra8 38. Nd2 Kg7 39. Qb1 Qxh3 40. Qf1 Qf5 41. Rc3 Ra2 42. Qd3 Qg5+ 43. Kf2 Qh4+ 44. Kg1 Qe1+ 0-1

[Event "35th European Club Cup 2019"]
[Site "Ulcinj"]
[Date "2019.11.12"]
[Round "3.2"]
[White "Sorensen, Jan"]
[Black "Fernandez, Daniel Howard"]
[Result "0-1"]
[ECO "B06"]
[WhiteElo "2395"]
[BlackElo "2444"]
[Annotator "NA"]
[PlyCount "110"]
[EventDate "2019.11.10"]
[EventType "team-tourn"]
[EventCountry "MNE"]
[SourceTitle "playchess.com"]
[Source "ChessBase"]
[SourceQuality "1"]
[WhiteTeam "Aarhus Skolerne"]
[BlackTeam "KGSRL Gent"]
[TimeControl "40/5400+30:1800+30"]

1. e4 g6 2. d4 Bg7 3. Nf3 d6 4. Bc4 Nf6 5. Qe2 O-O 6. e5 Ne8 {B06: Modern Defence} 7. Nbd2 (7. h3 c5 8. dxc5 dxe5 9. Nxe5 Qd4 10. Ng4 Bxg4 11. hxg4 Qxc5 12. Be3 Qc6 13. c3 Nd6 14. Nd2 {0-1 (62) Zubov,A (2597)-Andreikin,D (2719) St Petersburg 2018}) 7... c5 8. dxc5 d5 9. Bd3 Nc7 $146 ({Predecessor:} 9... Nd7 10. O-O Nxc5 11. h3 Nxd3 12. cxd3 d4 13. Nb3 Nc7 14. Nbxd4 {½-½ (49) Arizmendi Martinez,J (2501)-Gual Pascual,A (2416) Barbera del Valles 2016}) 10. O-O Nca6 11. c3 Nxc5 12. Bc2 Bg4 13. h3 Bxf3 14. Nxf3 Qc7 15. Bf4 Ncd7 16. Bb3 e6 17. c4 dxc4 18. Bxc4 Nc6 19. Rfe1 Rfd8 20. Rac1 a6 21. b4 Nb6 22. Bb3 $11 Nd5 23. Bd2 Qb6 24. a3 Rac8 25. Qe4 Nce7 26. h4 h6 27. h5 gxh5 28. Qh4 Rxc1 29. Bxc1 Ng6 30. Qxh5 Ndf4 31. Qg4 Rd3 32. Bc2 h5 33. Qg3 Qc7 34. Bxf4 Qxc2 35. Kh2 h4 36. Qg4 Qxf2 37. Rc1 Rxf3 38. Rc8+ Bf8 39. Qxf3 Qxf3 40. gxf3 Nxf4 41. Rb8 b5 42. Ra8 Nd3 43. Rxa6 Nxe5 44. Rb6 Nxf3+ 45. Kh3 Nd4 46. Kxh4 Bh6 47. Kh5 Kg7 48. Rd6 Be3 49. Rd7 e5 50. Rc7 Kf6 51. Rc3 Bd2 52. Rd3 Bf4 53. a4 bxa4 54. Ra3 e4 55. Rxa4 e3 0-1

[Event "35th European Club Cup 2019"]
[Site "Ulcinj"]
[Date "2019.11.12"]
[Round "3.3"]
[White "Stojanovic, Mihajlo"]
[Black "Grachev, Boris"]
[Result "0-1"]
[ECO "D31"]
[WhiteElo "2496"]
[BlackElo "2608"]
[Annotator "ChessBase"]
[PlyCount "64"]
[EventDate "2019.11.10"]
[EventType "team-tourn"]
[EventCountry "MNE"]
[SourceTitle "playchess.com"]
[Source "ChessBase"]
[SourceQuality "1"]
[WhiteTeam "Itaka"]
[BlackTeam "Moscow Chess Team"]
[TimeControl "40/5400+30:1800+30"]

1. d4 d5 2. c4 e6 3. Nc3 a6 4. cxd5 exd5 5. Nf3 Nf6 6. Bg5 Be6 7. e3 Nbd7 8. h3 h6 9. Bf4 Bf5 10. g4 Bh7 11. Bg2 c6 12. O-O Be7 13. Ne5 O-O 14. Rc1 Nb6 15. Bg3 a5 16. f4 Ne4 17. Bxe4 Bxe4 18. f5 Bd6 19. Bf4 Re8 20. f6 gxf6 21. Nxe4 dxe4 22. Nc4 Bxf4 23. Rxf4 Nd5 24. Rf2 b5 25. Nd2 Nxe3 26. Qe2 Qxd4 27. Nb3 Qd3 28. Rxc6 Nd1 29. Qxd3 exd3 30. Rfxf6 Nxb2 31. Rxh6 a4 32. Nd2 Nc4 0-1

[Event "35th European Club Cup 2019"]
[Site "Ulcinj"]
[Date "2019.11.12"]
[Round "3.3"]
[White "Ris, Robert"]
[Black "Vinter-Schou, Uffe"]
[Result "1/2-1/2"]
[ECO "B48"]
[WhiteElo "2454"]
[BlackElo "2361"]
[Annotator "ChessBase"]
[PlyCount "86"]
[EventDate "2019.11.10"]
[EventType "team-tourn"]
[EventCountry "MNE"]
[SourceTitle "playchess.com"]
[Source "ChessBase"]
[SourceQuality "1"]
[WhiteTeam "KGSRL Gent"]
[BlackTeam "Aarhus Skolerne"]
[TimeControl "40/5400+30:1800+30"]

1. e4 c5 2. Nf3 e6 3. d4 cxd4 4. Nxd4 Nc6 5. Nc3 Qc7 6. Be3 Nf6 7. f4 Bb4 8. Ndb5 Qa5 9. e5 Ne4 10. Qd3 Nxc3 11. bxc3 Be7 12. Bd2 O-O 13. Qe3 f6 14. exf6 Bxf6 15. Bd3 d5 16. O-O Bd7 17. Rae1 a6 18. c4 Qd8 19. Qh3 g6 20. Nc3 e5 21. f5 e4 22. cxd5 exd3 23. dxc6 Bxf5 24. g4 Qd4+ 25. Be3 Qxg4+ 26. Qxg4 Bxg4 27. Nd5 Bh4 28. cxb7 Rab8 29. Bh6 Rxf1+ 30. Rxf1 Bf5 31. cxd3 Rxb7 32. Ne3 Rb5 33. Nxf5 gxf5 34. Rf4 Bd8 35. Ra4 a5 36. Be3 Rb2 37. Rc4 Kf7 38. a4 Ke6 39. Rc6+ Kd5 40. Rc5+ Ke6 41. Rc6+ Kd5 42. Rc5+ Ke6 43. Rc6+ Kd5 1/2-1/2

[Event "35th European Club Cup 2019"]
[Site "Ulcinj"]
[Date "2019.11.12"]
[Round "3.4"]
[White "Sobjerg, Erik"]
[Black "Lemmers, Oscar"]
[Result "1-0"]
[ECO "B43"]
[WhiteElo "2289"]
[BlackElo "2346"]
[Annotator "NA"]
[PlyCount "73"]
[EventDate "2019.11.10"]
[EventType "team-tourn"]
[EventCountry "MNE"]
[SourceTitle "playchess.com"]
[Source "ChessBase"]
[SourceQuality "1"]
[WhiteTeam "Aarhus Skolerne"]
[BlackTeam "KGSRL Gent"]
[TimeControl "40/5400+30:1800+30"]

1. e4 c5 2. Nf3 e6 3. Nc3 a6 4. d4 cxd4 5. Nxd4 Qc7 6. Bd3 Nf6 7. Qe2 d6 8. f4 g6 9. f5 e5 10. Bg5 Nbd7 11. Ne6 fxe6 12. fxe6 Bg7 13. exd7+ Bxd7 14. Bc4 Rf8 15. Nd5 Nxd5 16. Bxd5 h6 17. Be3 h5 18. h3 Bb5 19. Qd2 Ba4 20. O-O-O Rc8 21. b3 Bc6 22. c4 b5 23. Bxc6+ Qxc6 24. Qxd6 bxc4 25. b4 Rf7 26. Rd5 Rd7 27. Qxc6 Rxc6 28. Rhd1 Rxd5 29. Rxd5 Rf6 30. Rxe5+ Kf7 31. Rc5 Rf1+ 32. Kc2 Re1 33. Kd2 Ra1 34. Rc7+ Kf8 35. Bc5+ Kg8 36. Rxg7+ Kxg7 37. Bd4+ 1-0

[Event "35th European Club Cup 2019"]
[Site "Ulcinj"]
[Date "2019.11.12"]
[Round "3.5"]
[White "Vucinic, Gojko"]
[Black "Kobalia, Mikhail"]
[Result "0-1"]
[ECO "B12"]
[WhiteElo "2384"]
[BlackElo "2608"]
[Annotator "ChessBase"]
[PlyCount "68"]
[EventDate "2019.11.10"]
[EventType "team-tourn"]
[EventCountry "MNE"]
[SourceTitle "playchess.com"]
[Source "ChessBase"]
[SourceQuality "1"]
[WhiteTeam "Itaka"]
[BlackTeam "Moscow Chess Team"]
[TimeControl "40/5400+30:1800+30"]

1. e4 c6 2. d4 d5 3. e5 Bf5 4. h4 h5 5. Bd3 Bxd3 6. Qxd3 Qa5+ 7. Nd2 e6 8. Ngf3 Nh6 9. O-O Nf5 10. c4 Be7 11. g3 O-O 12. b3 Rd8 13. Bb2 c5 14. Qe2 cxd4 15. Nxd4 Nxd4 16. Bxd4 Nc6 17. Bb2 d4 18. Nf3 d3 19. Qe4 Rd7 20. Rfd1 Rad8 21. a3 Qa6 22. b4 Qa4 23. Rd2 a5 24. b5 Na7 25. Rc1 Nxb5 26. Rcd1 Nxa3 27. Rxd3 Rxd3 28. Rxd3 Rxd3 29. Qxd3 Nxc4 30. Bc1 Qc6 31. Bg5 Bf8 32. Qd8 Qxf3 33. Be7 Kh7 34. Qxf8 Nxe5 0-1

[Event "35th European Club Cup 2019"]
[Site "Ulcinj"]
[Date "2019.11.12"]
[Round "3.5"]
[White "Goormachtigh, Johan"]
[Black "Sogaard, Soren"]
[Result "1/2-1/2"]
[ECO "A48"]
[WhiteElo "2180"]
[BlackElo "2248"]
[Annotator "NA"]
[PlyCount "55"]
[EventDate "2019.11.10"]
[EventType "team-tourn"]
[EventCountry "MNE"]
[SourceTitle "playchess.com"]
[Source "ChessBase"]
[SourceQuality "1"]
[WhiteTeam "KGSRL Gent"]
[BlackTeam "Aarhus Skolerne"]
[TimeControl "40/5400+30:1800+30"]

1. d4 Nf6 2. Nf3 g6 3. c4 c5 4. Nc3 Bg7 5. e4 O-O 6. Be2 d6 7. O-O Na6 8. d5 Nc7 9. Bf4 a6 10. a4 b6 11. h3 Rb8 12. e5 Nfe8 13. Qb3 Bd7 14. Rfd1 b5 15. axb5 axb5 16. cxb5 Nxb5 17. Bxb5 Bxb5 18. Nxb5 Qb6 19. Qd3 Qxb5 20. Qxb5 Rxb5 21. Ra7 dxe5 22. Nxe5 Bxe5 23. Bxe5 f6 24. Bg3 Rf7 25. Ra8 Rf8 26. Ra7 Rf7 27. Ra8 Rf8 28. Ra7 1/2-1/2